Map: Darkness Sanctuary LE

Players

jboogie

  • Race: Protoss Protoss
  • League: Gold
  • Spawn Location: 5:00

Test - Winner!

  • Race: Terran Terran
  • League: Bronze
  • Spawn Location: 7:00

VOD

Have the link to the VOD?

Description

Time

  • Played on: May 15, 2018, 4:29 p.m.
  • Length: 4:04
Show
View Real Time Build Order
Export as new Build Order

jboogie Protoss 

Build Orders:  

Get SALT Encoding   

  12  0:03  Probe  
  13  0:17  Pylon  
  13  0:19  Probe  
  14  0:37  Gateway, Probe  
  14  0:39  Assimilator  
  15  0:45  Probe  
  16  0:54  Probe  
  16  1:02  Probe  
  17  1:10  Pylon, Probe  
  19  1:21  Probe  
  20  1:31  Cybernetics Core  
  20  1:33  Probe  
  20  1:38  Zealot  
  23  1:45  Probe  
  24  1:52  Gateway  
  24  1:57  Probe  
  25  2:06  Gateway  
  25  2:09  Probe  
  25  2:10  Pylon  
  25  2:13  Zealot  
  28  2:28  Twilight Council  
  28  2:36  Pylon  
  28  3:06  Zealot x2  
  32  3:15  Nexus  
  32  3:26  Probe  
  33  3:32  Pylon  
  33  3:34  Pylon  
  33  3:38  Probe  
  34  3:50  Probe  
  34  3:54  Pylon  
  35  3:57  Pylon  
  35  3:59  Pylon  
Show
View Real Time Build Order
Export as new Build Order

Test Terran - Winner!

Build Orders:  

Get SALT Encoding   

  12  0:00  SCV  
  13  0:12  SCV  
  14  0:20  Supply Depot  
  14  0:25  SCV  
  15  0:31  Refinery  
  15  0:42  SCV  
  16  0:53  Barracks  
  16  0:54  SCV  
  17  1:06  SCV  
  18  1:13  Barracks  
  18  1:21  SCV  
  19  1:30  Barracks  
  19  1:45  Barracks Reactor  
  19  1:50  Orbital Command  
  19  1:54  Supply Depot  
  20  2:01  Barracks Reactor  
  19  2:16  SCV  
  19  2:18  Barracks Reactor  
  19  2:22  Marine x2  
  22  2:30  Engineering Bay  
  22  2:37  Marine x2  
  22  2:40  Marine x2  
  26  2:54  Supply Depot  
  26  2:55  Marine x2  
  26  2:58  Marine x2  
  30  3:02  Marine  
  31  3:15  Marine x4  
  31  3:16  Marine  
  36  3:22  Supply Depot  
  36  3:23  Marine  
  37  3:33  Marine x2  
  39  3:43  Marine x2, Supply Depot  
Tags
 
Add a new tag
Caveats
  • Supply blocks, unpowered buildings, or Contaminate may cause inaccurate times.
  • Supply counts are checked every 10 seconds.